 Dungeon Crawl Stone Soup version 0.31-a0-949-g57150269e1 (webtiles) character file.

Game seed: 14519232323737364105

10717 enile the Fighter (level 11, -13/100 HPs)
             Began as an Armataur Warper on Oct 21, 2023.
             Was the Champion of Cheibriados.
             Mangled by a komodo dragon (27 damage)
             ... on level 10 of the Dungeon.
             The game lasted 00:30:10 (11559 turns).

enile the Fighter (Armataur Warper)                Turns: 11559, Time: 00:30:10

Health: -13/100    AC:  9    Str: 31    XL:     11   Next: 39%
Magic:  11/16      EV: 13    Int: 31    God:    Cheibriados [******]
Gold:   1450       SH:  0    Dex: 27    Spells: 5/16 levels left

rFire   . . .        h - +5 whip (venom)
rCold   . . .        (no shield)
rNeg    . . .        O - +0 steam dragon scales
rPois   +            (no helmet)
rElec   .            n - +2 cloak
rCorr   .            (no gloves)
SInv    .            (no barding)
Will    .....        (no amulet)
Stlth   +++          u - ring of wizardry
HPRegen 0.36/turn    F - ring of poison resistance
MPRegen 0.15/turn

%: roll, wizardry (x1)
@: very slow
A: large, rugged brown scales 3, deformed body, armoured tail, roll, long
tongue, awkward tongue
a: Renounce Religion, Bend Time, Temporal Distortion, Slouch, Step From Time


You were on level 10 of the Dungeon.
You worshipped Cheibriados.
Cheibriados was exalted by your worship.
You visited 1 branch of the dungeon, and saw 11 of its levels.
You also visited: Ossuary and Bailey.

You collected 1604 gold pieces.
You spent 154 gold pieces at shops.

Inventory:

Hand Weapons
 a - a +1 mace
 h - a +5 whip of venom (weapon)
 q - a +2 flail of holy wrath
 s - a +0 hand axe of electrocution
 L - a +0 broad axe
Missiles
 d - 4 darts of dispersal
 k - 6 atropa-tipped darts (quivered)
 p - 24 poisoned darts
 D - a javelin
 J - 22 boomerangs
Armour
 b - a +0 leather armour
 n - a +2 cloak (worn)
 O - +0 steam dragon scales (worn)
Jewellery
 u - a ring of wizardry (left hand)
 y - the ring "Macososa" {*Slow AC+4 Str+3 SInv Stlth+}
   (You found it on level 6 of the Dungeon)

   [ring of protection]

   AC+4:      It affects your AC (+4).
   Str+3:     It affects your strength (+3).
   SInv:      It lets you see invisible.
   *Slow:     It may slow you when you take damage.
   Stlth+:    It makes you more stealthy.
 F - a ring of poison resistance (right hand)
 G - a +6 ring of intelligence
Wands
 E - a wand of paralysis (7)
 I - a wand of mindburst (10)
 M - a wand of flame (30)
Scrolls
 c - 6 scrolls of blinking
 e - 4 scrolls of noise
 f - 2 scrolls of enchant weapon
 g - 2 scrolls of vulnerability
 j - 2 scrolls of revelation
 l - 2 scrolls of poison
 m - a scroll of immolation
 o - 5 scrolls of teleportation
 x - a scroll of enchant armour
 B - a scroll of identify
 H - 2 scrolls of amnesia {unknown}
 Q - a scroll of fear
Potions
 i - 3 potions of magic
 r - 2 potions of lignification
 t - 4 potions of heal wounds
 v - 3 potions of cancellation
 w - a potion of curing
 z - 7 potions of enlightenment
 A - a potion of resistance
 C - a potion of mutation {unknown}
 N - a potion of attraction {unknown}
 P - a potion of invisibility {unknown}


   Skills:
 - Level 8.0 Fighting
 - Level 6.0 Maces & Flails
 - Level 7.0 Throwing
 - Level 4.0 Armour
 - Level 4.0 Dodging
 - Level 4.0 Stealth
 - Level 3.0 Spellcasting
 - Level 3.0 Conjurations
 - Level 3.0 Translocations
 - Level 3.0 Air Magic
 + Level 7.2 Invocations
 - Level 5.0 Evocations


You had 5 spell levels left.
You knew the following spells:

 Your Spells              Type           Power      Damage    Failure   Level
a - Manifold Assault      Tloc           23%        N/A       8%          4
b - Passwall              Tmut/Erth      3%         N/A       4%          2
c - Mephitic Cloud        Conj/Pois/Air  17%        N/A       3%          3
d - Blink                 Tloc           46%        N/A       1%          2

Your spell library contained the following spells:

 Spells                   Type           Power      Damage    Failure   Level
 Apportation              Tloc           46%        N/A       1%          1
 Magic Dart               Conj           92%        1d7       1%          1
 Lesser Beckoning         Tloc           46%        N/A       1%          2
 Searing Ray              Conj           46%        2d6       1%          2
 Sandblast                Erth           8%         2d5       2%          1
 Poisonous Vapours        Pois/Air       26%        N/A       2%          2
 Swiftness                Air            23%        N/A       2%          3
 Teleport Other           Tloc           23%        N/A       2%          3
 Ensorcelled Hibernation  Hex/Ice        8%         N/A       4%          2
 Jinxbite                 Hex            8%         N/A       4%          2
 Stone Arrow              Conj/Erth      26%        3d8       4%          3
 Vhi's Electric Charge    Tloc/Air       46%        N/A       8%          4
 Brom's Barrelling Bould  Conj/Erth      13%        2d4       14%         4
 Fulminant Prism          Conj/Hex       6%         3d7       14%         4
 Anguish                  Hex/Necr       2%         N/A       26%         4
 Freezing Cloud           Conj/Ice/Air   8%         6-21      32%         5
 Alistair's Intoxication  Tmut/Pois      2%         N/A       56%         5


Dungeon Overview and Level Annotations

Branches:
Dungeon (11/15)            Temple (0/1) D:5             Orc (0/2) D:9
Ossuary (visited)          Bailey (visited)
   Lair: D:8-11

Altars:
Cheibriados
Gozag
Okawaru
Vehumet
The Shining One

Shops:
D:6 *   D:8 !

Annotations:
D:3 1 runed translucent door, Crazy Yiuf
D:4 2 transporters, grtsk's ghost, amateur DjFE
D:5 1 runed translucent door, Kauriferous's ghost, amateur MiBe
D:9 3 runed translucent doors, petzl's ghost, weakling FoDe
D:10 exclusion: door


Innate Abilities, Weirdness & Mutations

You are completely covered in rugged brown scales. (AC +3, +7% HP)
Armour fits poorly on your strangely shaped body.
You have a long armoured tail.
You roll when moving toward enemies. (Rampage)
Your long tongue fully drains potion bottles. (2x potion effects)
Your tongue gives you trouble enunciating. (1.5x scroll delay)


Message History

HP restored.
You climb downwards.
The yak barely misses you. The komodo dragon bites you!!
A yak comes into view.
The yak closely misses you. The komodo dragon bites you.
There is a stone staircase leading up, spattered with blood here.
The yak gores you. The komodo dragon bites you!
You climb upwards.
Level annotation: exclusion: door
There is a stone staircase leading down, spattered with blood here.
Casting: Manifold Assault (dangerous; 8% risk of failure)
Confirm with . or Enter, or press ? or * to list all spells.
Aiming: Mephitic Cloud (mildly dangerous; 3% risk of failure)
Press: ? - help, Shift-Dir - straight line, f - yak
Aim: a yak (chance to affect: 67%)
The ball explodes into a vile cloud!
The stinking cloud engulfs the yak but does no damage.
The stinking cloud engulfs you but does no damage.
The yak is engulfed in noxious fumes.
The yak appears confused.
The yak gores you!
The yak gores itself!
The komodo dragon barely misses you.
The yak is engulfed in noxious fumes.
The yak appears confused.
The yak closely misses you.
The yak is engulfed in noxious fumes.
The yak gores the komodo dragon but does no damage.
The komodo dragon bites you!
The yak is engulfed in noxious fumes.
Casting: Mephitic Cloud (mildly dangerous; 3% risk of failure)
Confirm with . or Enter, or press ? or * to list all spells.
Aiming: Mephitic Cloud (mildly dangerous; 3% risk of failure)
Press: ? - help, Shift-Dir - straight line, f/p - yak
Aim: a yak (moderately wounded, confused, chance to affect: 67%)
The ball explodes into a vile cloud!
The stinking cloud engulfs the yak but does no damage.
The yak is moderately wounded.
The stinking cloud engulfs you but does no damage.
The stinking cloud engulfs the komodo dragon but does no damage.
The komodo dragon bites you!!
* * * LOW HITPOINT WARNING * * *
The yak is engulfed in noxious fumes.
The yak appears confused.
The komodo dragon attacks as it pursues you!
The komodo dragon bites you!!
You die...

#############################
............................#
..#####......○Y○@......#....#
.............○☼l####...#....#
.............○.°# #...#....#
..............>†####........#
............................#
.#######....................#
.# #.......#######..###.# ##
#'#######.....#..# #.# .#
........#......#..# #.#


You could see a komodo dragon and a yak (confused).

Vanquished Creatures
  Gastronok (D:8)
  Erolcha (D:9)
  Fannar (D:10)
  2 two-headed ogres (D:10)
  Psyche (D:8)
  2 trolls (D:10)
  Grinder (D:3)
  A slime creature (D:10)
  Sigmund (D:3)
  2 wyverns (D:8)
  A shadow (D:10)
  A wraith (D:10)
  9 yaks (D:9)
  A steam dragon (D:8)
  Menkaure (D:7)
  3 water moccasins
  7 orc warriors
  A black bear (D:10)
  A sky beast (D:7)
  2 centaurs
  An ogre (D:5)
  An elf zombie (Ossuary)
  2 kobold brigands
  4 bullfrogs
  3 scorpions
  5 wights (D:7)
  6 killer bees (D:9)
  2 howler monkeys
  2 centaur zombies (Ossuary)
  A crimson imp (D:4)
  2 human zombies (Ossuary)
  4 jellies
  9 orc priests
  2 hounds (D:5)
  2 sleepcaps (D:5)
  Terence (D:3)
  5 iguanas
  8 orc wizards
  2 mummies (Ossuary)
  2 gnolls (Bailey)
  5 adders
  2 shadow imps
  A white imp (D:6)
  An adder zombie (Ossuary)
  A worm (D:3)
  4 dart slugs
  65 orcs
  10 endoplasms
  5 giant cockroaches
  8 goblins
  11 hobgoblins
  4 jackals (D:1)
  31 kobolds
  7 quokkas
  4 ball pythons
  4 bats
  5 frilled lizards
  A goblin skeleton (D:4)
  3 goblin zombies
  15 hobgoblin zombies
  A jackal zombie (Ossuary)
  3 kobold skeletons (D:4)
  10 kobold zombies
  An orc skeleton (D:4)
  6 orc zombies
  4 rats
  A rat zombie (Ossuary)
317 creatures vanquished.

Vanquished Creatures (others)
  2 orc wizards
  2 orcs (D:8)
4 creatures vanquished.

Grand Total: 321 creatures vanquished

Notes
Turn   | Place    | Note
-------+----------+-------------------------------------------
     0 | D:1      | enile the Armataur Warper began the quest for the Orb.
     0 | D:1      | Reached XP level 1. HP: 18/18 MP: 3/3
     3 | D:1      | Noticed an electric eel
     4 | D:1      | Noticed an electric eel
    44 | D:1      | Reached skill level 2 in Fighting
   141 | D:1      | Reached XP level 2. HP: 18/26 MP: 4/4
   257 | D:2      | Learned a level 2 spell: Blink
   319 | D:2      | Found a faded altar of an unknown god.
   340 | D:2      | Prayed at the altar of an unknown god.
   340 | D:2      | Became a worshipper of Cheibriados the Contemplative
   340 | D:2      | Reached * piety under Cheibriados
   386 | D:2      | Reached skill level 3 in Fighting
   430 | D:2      | Reached XP level 3. HP: 33/33 MP: 5/5
   839 | D:1      | Reached ** piety under Cheibriados
  1225 | D:1      | Learned a level 2 spell: Passwall
  1537 | D:2      | Reached XP level 4. HP: 26/42 MP: 6/6
  1720 | D:3      | Reached skill level 4 in Fighting
  1863 | D:3      | Reached *** piety under Cheibriados
  2015 | D:3      | Noticed Sigmund
  2021 | D:3      | Killed Sigmund
  2022 | D:3      | Reached skill level 5 in Fighting
  2022 | D:3      | Reached XP level 5. HP: 32/51 MP: 7/7
  2105 | D:3      | Noticed Terence
  2119 | D:3      | Killed Terence
  2120 | D:3      | Reached XP level 6. HP: 52/59 MP: 8/8
  2137 | D:3      | Noticed Grinder
  2156 | D:3      | Killed Grinder
  2164 | D:3      | Found a radiant altar of Vehumet.
  2194 | D:3      | Found an opulent altar of Gozag.
  2212 | D:3      | Found an iron altar of Okawaru.
  2366 | D:3      | Found a runed translucent door.
  2369 | D:3      | Noticed Crazy Yiuf
  2584 | D:3      | Reached XP level 7. HP: 55/65 MP: 9/9
  3023 | D:4      | Reached **** piety under Cheibriados
  3094 | D:4      | Found a transporter.
  3145 | D:4      | Found a transporter.
  3202 | D:4      | Noticed grtsk's ghost (amateur DjFE)
  3287 | D:4      | Found a glowing golden altar of the Shining One.
  3455 | D:5      | Entered Level 5 of the Dungeon
  3498 | D:5      | Identified a scroll of acquirement
  3509 | D:5      | Acquired a ring of wizardry
  3520 | D:5      | Learned a level 3 spell: Mephitic Cloud
  3547 | D:5      | Reached skill level 5 in Invocations
  3700 | D:5      | Reached XP level 8. HP: 72/72 MP: 8/12
  3816 | D:5      | Found a sand-covered staircase.
  3821 | Ossuary  | Entered an ossuary
  3993 | Ossuary  | Reached ***** piety under Cheibriados
  4141 | D:5      | Found a staircase to the Ecumenical Temple.
  4902 | D:5      | Found a runed translucent door.
  4902 | D:5      | Noticed Kauriferous's ghost (amateur MiBe)
  4979 | D:6      | Reached skill level 6 in Fighting
  5291 | D:6      | Identified the ring "Macososa" {*Slow AC+4 Str+3 SInv
                  | Stlth+}
  5302 | D:6      | Found Joitoleu's General Store.
  5312 | D:6      | Bought a scroll of poison for 44 gold pieces
  5312 | D:6      | Bought a potion of resistance for 110 gold pieces
  5476 | D:6      | Reached skill level 7 in Fighting
  5895 | D:6      | Reached skill level 1 in Stealth
  6025 | D:6      | Reached XP level 9. HP: 84/84 MP: 13/13
  6216 | D:7      | Noticed Menkaure
  6228 | D:7      | Killed Menkaure
  6229 | D:7      | Reached skill level 1 in Conjurations
  6280 | D:7      | Found a flagged portal.
  6295 | Bailey   | Entered a bailey
  6332 | Bailey   | Reached skill level 1 in Throwing
  7051 | D:8      | Noticed Gastronok
  7273 | D:8      | Reached skill level 5 in Throwing
  7281 | D:8      | Reached skill level 1 in Evocations
  7301 | D:8      | Reached ****** piety under Cheibriados
  7607 | D:8      | Killed Gastronok
  7608 | D:8      | Reached skill level 5 in Evocations
  7608 | D:8      | Reached XP level 10. HP: 67/92 MP: 14/14
  7958 | D:8      | Found Duicliwk's Distillery.
  7979 | D:8      | Noticed Psyche
  7984 | D:8      | Killed Psyche
  8299 | D:9      | Found a runed translucent gate.
  8299 | D:9      | Found a runed translucent gate.
  8299 | D:9      | Found a runed translucent gate.
  8301 | D:9      | Noticed petzl's ghost (weakling FoDe)
  8344 | D:9      | Reached skill level 8 in Fighting
  8353 | D:9      | Reached skill level 1 in Air Magic
  8363 | D:9      | Noticed Erolcha
  8410 | D:9      | HP: 1/94 [something/fireball (21)]
  8412 | D:9      | Killed Erolcha
  8413 | D:9      | Reached skill level 5 in Maces & Flails
  8451 | D:9      | Learned a level 4 spell: Manifold Assault
  8888 | D:9      | Found a staircase to the Orcish Mines.
  9021 | D:9      | Reached XP level 11. HP: 71/100 MP: 8/15
  9558 | D:10     | Entered Level 10 of the Dungeon
  9579 | D:10     | Noticed Fannar
 10015 | D:10     | Killed Fannar
 11039 | D:10     | Noticed a two-headed ogre
 11047 | D:10     | Killed a two-headed ogre
 11310 | D:10     | Noticed a two-headed ogre
 11321 | D:10     | Killed a two-headed ogre
 11559 | D:10     | Mangled by a komodo dragon

Illustrated notes

Levels and vault maps discovered:
D:1:      arrival_aquarium_b, layout_basic, due_unseen_surprise
D:2:      layout_rooms, dreamdust_ecumenical_altar_statues, dk_noncrumbling_3
D:3:      layout_loops_ring, mainiacjoe_overflow_brackets,
          mainiacjoe_overflow_swirl, uniq_crazy_yiuf_cottage, uniq_grinder,
          uniq_sigmund, uniq_terence
D:4:      layout_rooms, nicolae_tso_besieged_by_evil,
          gammafunk_ghost_gnarly_gnolls
D:5:      layout_loops_corners, minmay_temple_entry_from_below_a,
          enter_ossuary_2, ebering_ghost_reflecting_pool
D:6:      layout_gridville, serial_shops, nicolae_lakefront_shop
D:7:      layout_rooms, enter_bailey_2, uniq_menkaure
D:8:      layout_basic, serial_shops, nicolae_take_the_stairs, uniq_gastronok,
          uniq_psyche
D:9:      layout_basic, hiddenorc2_lemuel, gammafunk_ghost_nasty_kobolds,
          uniq_erolcha
D:10:     layout_stronghold, uniq_fannar
D:11:     layout_irregular_city, grunt_lair_entry_orc_guard_hut, serial_shops,
          nicolae_shop_overgrown_old_shop, bloody_makhleb, uniq_nergalle,
          uniq_harold, uniq_urug

Skill      XL: |  1  2  3  4  5  6  7  8  9 10 11 |
---------------+----------------------------------+-----
Fighting       | 2 3 5 7 8 |  8.0
Maces & Flails | 3 4 6 |  6.0
Invocations    | 3 5 7 |  7.2
Spellcasting   | 3 |  3.0
Dodging        | 2 4 |  4.0
Stealth        | 2 4 |  4.0
Conjurations   | 3 |  3.0
Throwing       | 5 6 7 |  7.0
Evocations     | 5 |  5.0
Armour         | 3 4 |  4.0
Air Magic      | 3 |  3.0
Translocations | |  3.0

Action                     |  1- 3 |  4- 6 |  7- 9 | 10-12 || total
---------------------------+-------+-------+-------+-------++-------
  Melee: Mace              |    98 |       |       |       ||    98
         Tailslap          |     9 |     8 |    71 |    54 ||   142
         Whip              |     6 |    67 |   326 |   197 ||   596
         Flail             |       |     4 |    71 |     5 ||    80
         Punch             |       |       |     7 |     4 ||    11
  Throw: Dart              |     3 |       |     3 |     5 ||    11
         Boomerang         |       |       |     5 |    13 ||    18
         Javelin           |       |       |       |     5 ||     5
         Throwing net      |       |       |       |     1 ||     1
   Cast: Mephitic Cloud    |       |       |     1 |    17 ||    18
         Passwall          |       |       |     1 |       ||     1
         Manifold Assault  |       |       |       |     1 ||     1
    Use: Scroll            |     6 |       |     6 |     5 ||    17
         Potion            |     1 |       |     2 |     3 ||     6
   Stab: Sleeping          |     4 |       |    12 |     3 ||    19
         Invisible         |       |       |     2 |       ||     2
         Confused          |       |       |       |    16 ||    16
         Held in net/web   |       |       |       |     1 ||     1
 Armour: Leather armour    |    82 |    31 |   238 |       ||   351
         Steam dragon scal |       |       |     2 |   129 ||   131
  Dodge: Dodged            |    39 |    26 |   206 |    98 ||   369

Table legend: (Time is in decaauts)
 A = Elapsed time spent in this place.
 B = Non-inter-level travel time spent in this place.
 C = Inter-level travel time spent in this place.
 D = Time resting spent in this place.
 E = Time spent auto-exploring this place.
 F = Levels seen in this place.
 G = Mean time per level.
                   A        B        C        D        E       F      G
               +--------+--------+--------+--------+--------+-----+--------+
         Total |  17025 |  16417 |    608 |    724 |  12730 |  13 | 1309.6 |
       Dungeon |  16022 |  15414 |    608 |    724 |  12146 |  11 | 1456.5 |
       Ossuary |    327 |    327 |      0 |      0 |    156 |   1 |  327.0 |
        Bailey |    675 |    675 |      0 |      0 |    428 |   1 |  675.0 |
               +--------+--------+--------+--------+--------+-----+--------+

Top non-repeatable levels by time:
    D:10: 2576 daAuts
     D:9: 2105 daAuts
     D:8: 2038 daAuts
     D:5: 1985 daAuts
     D:6: 1726 daAuts
     D:1: 1459 daAuts
     D:3: 1352 daAuts
     D:4: 1048 daAuts
     D:7: 968 daAuts
     D:2: 720 daAuts
  Bailey: 675 daAuts
 Ossuary: 327 daAuts
    D:11: 41 daAuts
